 Dungeon Crawl Stone Soup version 0.19.1-1-g22dce08 (webtiles) character file.

56 theAP the Skirmisher (level 3, -2/24 HPs)
             Began as a Gargoyle Fighter on Jan 3, 2017.
             Slain by a gnoll
             ... wielding a +0 spear
              (8 damage)
             ... on level 2 of the Dungeon.
             The game lasted 00:02:56 (944 turns).

theAP the Skirmisher (Gargoyle Fighter)              Turns: 944, Time: 00:02:57

Health: -2/24      AC: 10    Str: 20    XL:     3   Next: 97%
Magic:  3/3        EV:  7    Int:  8    God:
Gold:   113        SH: 11    Dex:  9    Spells: 0 memorised, 2 levels left

rFire  . . .     SeeInvis .     a - +0 flail
rCold  . . .     Gourm    .     b - +0 scale mail
rNeg   + . .     Faith    .     c - +0 shield
rPois  ∞         Spirit   .     (no helmet)
rElec  +         Reflect  +     (no cloak)
rCorr  .         Harm     .     (no gloves)
MR     +....                    (no boots)
Stlth  ..........               p - +2 amulet of reflection
                                (no ring)
                                r - ring of protection from magic

@: no status effects
A: negative energy resistance 1, electricity resistance, unbreathing,
petrification resistance, rot immunity, AC +3
a: no special abilities


You were on level 2 of the Dungeon.
You were hungry.

You visited 1 branch of the dungeon, and saw 2 of its levels.

You collected 113 gold pieces.

Inventory:

Hand Weapons
 a - a +0 flail (weapon)
Armour
 b - a +0 scale mail (worn)
 c - a +0 shield (worn)
Jewellery
 p - a +2 amulet of reflection (around neck)
 r - a ring of protection from magic (left hand)
Scrolls
 e - 2 scrolls of remove curse {unknown}
 h - a scroll of enchant armour {unknown}
 i - a scroll of fear {unknown}
 j - a scroll of random uselessness {unknown}
 k - 3 scrolls of identify {unknown}
 l - a scroll of teleportation {unknown}
 m - a scroll of amnesia {unknown}
 n - a scroll of blinking {unknown}
 q - a scroll of recharging {unknown}
Potions
 d - a potion of might
 o - 2 potions of cancellation {unknown}
 s - a potion of curing {unknown}
Comestibles
 f - 2 bread rations
 g - a meat ration


   Skills:
 + Level 4.1 Fighting
 * Level 3.1 Maces & Flails
 - Level 3.5 Armour
 - Level 3.3 Shields


You had 2 spell levels left.
You didn't know any spells.

Dungeon Overview and Level Annotations

Branches:
Dungeon (2/15)

Altars:


Innate Abilities, Weirdness & Mutations

You are resistant to torment.
Your stone body is resilient. (AC +3)
You are immune to poison.
You resist negative energy. (rN+)
You are resistant to electric shocks. (rElec)
You can survive without breathing.
You are immune to petrification.
You are immune to rotting.


Message History

The gnoll hits you from afar with a spear.
The gnoll hits you but does no damage. x2; The gnoll barely misses you. x2
You barely miss the gnoll.
The gnoll is severely wounded.
You block the bat's attack.
The gnoll hits you but does no damage. x3
You thump the gnoll!
You kill the gnoll!
You are feeling hungry.
You block the bat's attack. The bat barely misses you.
The gnoll hits you with a whip. You block the bat's attack.
The gnoll hits you but does no damage. The adder barely misses you.
You hit the adder.
The adder is moderately wounded.
The bat hits you but does no damage. You block the gnoll's attack.
The adder bites you but does no damage.
The gnoll hits you from afar with a spear.
* * * LOW HITPOINT WARNING * * *
The adder bites you but does no damage.
The gnoll hits you from afar with a spear!
You die...

##### ....# ####
###.############
#...
#............#
#..#
###..#########.#
#g.# ..........#
#.##S.#
###..####.#
#.#@g# # #..#
#.# #.bg## #
#.÷# #.# ###..#
# #..# #.# ##$.#
###..####†# #..#
..........######
#..#
....#####......#
#...
######....####.#
### ### # #.####
#.##### #.#


You could see 3 gnolls, an adder and a bat.

Vanquished Creatures
  A gnoll (D:2)
  2 oozes (D:2)
  A dart slug (D:1)
  A leopard gecko (D:2)
  6 bats
  5 giant cockroaches
  3 goblins
  5 hobgoblins
  3 frilled lizards
  6 kobolds
  2 rats
35 creatures vanquished.

Notes
Turn   | Place    | Note
-------+----------+-------------------------------------------
     0 | D:1      | theAP the Gargoyle Fighter began the quest for the Orb.
     0 | D:1      | Reached XP level 1. HP: 14/14 MP: 1/1
    92 | D:1      | Reached XP level 2. HP: 18/19 MP: 2/2
   466 | D:2      | Reached XP level 3. HP: 22/24 MP: 3/3
   770 | D:2      | Reached skill level 4 in Fighting
   944 | D:2      | Slain by a gnoll

Skill      XL: |  1  2  3 |
---------------+----------+-----
Fighting       | 4 |  4.1
Maces & Flails | 3 |  3.1
Armour         | |  3.5
Shields        | |  3.3

Action                   || total
-------------------------++-------
Melee: Flail             ||   140
Armor: Scale mail        ||    85
Dodge: Dodged            ||    39
Block: Shield            ||    96
